Kelowna Rockets vs Santa Cruz Tiger Sharks
Created - Tuesday, March 21, 2023 at 08:33
Goals
|
| Kelowna Rockets |
0 |
3 |
2 |
5 |
| Santa Cruz Tiger Sharks |
0 |
0 |
2 |
2 |
|
Shots
|
| Kelowna Rockets |
4 |
9 |
15 |
28 |
| Santa Cruz Tiger Sharks |
6 |
12 |
11 |
29 |
|
1st period
No Goal
Penalties :
No Penalty
2nd period
1. Kelowna Rockets , Matias Maccelli 1 (Joel Kiviranta 3, Max Lajoie 4) at 3:44
2. Kelowna Rockets , Givani Smith 3 (Jacob Perreault 4, Jack Drury 5) at 4:28
3. Kelowna Rockets , Jasper Weatherby 4 (Jesse Ylonen 2, Ty Dellandrea 6) at 8:39
Penalties :
Hunter Drew (SCS) for High sticking (Minor) at 6:08, Zach Sanford (SCS) for Fighting (Major) at 8:31, Jacob Perreault (KEL) for Fighting (Major) at 8:31, Travis Boyd (SCS) for Interference (Minor) at 8:46, Oskar Steen (KEL) for Tripping (Minor) at 11:36
3rd period
4. Santa Cruz Tiger Sharks , Michael McLeod 3 (Jesper Boqvist 7, Zach Sanford 8) at 6:07
5. Santa Cruz Tiger Sharks , Jack Roslovic 2 (Travis Boyd 3) at 8:13
6. Kelowna Rockets , Jesse Ylonen 3 (Max Lajoie 5) at 11:44
7. Kelowna Rockets , Joel Kiviranta 3 (Cale Fleury 5) at 17:47
Penalties :
Carter Hart (SCS) for Slashing (Minor) at 0:35 - Sean Day served the penalty
Goalie Stats
Eetu Makiniemi (KEL), 27 saves from 29 shots - (0.931), W, 5-2-0, 60:00 minutes
Carter Hart (SCS), 23 saves from 28 shots - (0.821), L, 3-2-1, 60:00 minutes
Players Stats for Kelowna Rockets
Player Name G A P +/- PIM S H SB GA TA FO MP PP MP PK MP
------------------------------------------------------------------------------------
Alex Peters 0 0 0 0 0 0 0 0 0 1 0/0 14:23 0:00 0:00
Arnaud Durandeau 0 0 0 0 0 0 2 1 0 0 0/0 8:06 0:00 0:00
Cale Fleury 0 1 1 2 0 0 0 1 0 2 0/0 26:23 3:11 0:57
Givani Smith 1 0 1 1 0 1 3 0 0 0 0/0 12:42 0:00 0:00
Jack Drury 0 1 1 1 0 1 1 2 3 0 2/5 16:45 0:00 0:31
Jacob Perreault 0 1 1 1 5 1 0 1 1 0 0/0 12:43 0:00 0:05
Jasper Weatherby 1 0 1 0 0 5 0 0 1 2 0/1 19:15 3:05 0:54
Jesse Ylonen 1 1 2 0 0 2 3 1 2 0 0/4 18:40 3:05 0:21
Joel Kiviranta 1 1 2 2 0 5 1 0 0 0 0/0 19:48 2:52 0:20
Lauri Pajuniemi 0 0 0 0 0 0 0 0 0 0 0/0 8:06 0:00 0:00
Lucas Johansen 0 0 0 2 0 1 0 1 0 1 0/0 23:42 2:46 1:02
Matias Maccelli 1 0 1 2 0 4 3 2 1 0 0/0 20:04 2:52 0:45
Max Lajoie 0 2 2 1 0 1 2 3 2 0 0/0 25:53 3:11 0:57
Maxence Guenette 0 0 0 1 0 2 0 1 0 1 0/0 19:59 2:46 1:02
Nicholas Caamano 0 0 0 0 0 0 2 0 0 0 0/0 4:13 0:00 0:00
Oskar Steen 0 0 0 2 2 3 1 0 0 1 2/4 18:59 2:52 0:00
Roby Jarventie 0 0 0 0 0 0 0 0 0 1 0/0 6:24 0:00 0:00
Ty Dellandrea 0 1 1 0 0 2 2 1 2 2 17/32 21:59 3:05 1:07
Players Stats for Santa Cruz Tiger Sharks
Player Name G A P +/- PIM S H SB GA TA FO MP PP MP PK MP
------------------------------------------------------------------------------------
Alexander Volkov 0 0 0 -2 0 3 5 0 1 0 0/0 14:26 0:00 1:13
Austin Strand 0 0 0 -3 0 0 2 1 0 2 0/0 25:27 0:52 3:22
Calle Rosen 0 0 0 -1 0 2 0 1 1 1 0/0 21:57 1:07 2:35
Carter Rowney 0 0 0 0 0 2 1 0 0 0 0/0 8:30 0:00 0:00
David Gustafsson 0 0 0 0 0 3 1 0 1 0 1/1 9:31 0:49 0:00
Evgeny Svechnikov 0 0 0 0 0 1 2 0 0 0 1/1 8:49 0:05 0:00
Hunter Drew 0 0 0 1 2 0 0 1 0 0 0/0 13:03 0:00 1:04
Jack Roslovic 1 0 1 -1 0 5 1 0 2 1 17/30 20:52 0:54 3:49
Jesper Boqvist 0 1 1 0 0 3 1 0 1 0 0/0 15:23 1:00 0:09
Kailer Yamamoto 0 0 0 -1 0 0 3 0 0 2 0/1 21:11 0:36 3:44
Kevin Rooney 0 0 0 -2 0 0 0 0 0 0 3/5 13:06 0:34 0:00
Kieffer Bellows 0 0 0 -2 0 0 2 0 2 3 0/0 12:32 0:00 0:00
Kristians Rubins 0 0 0 1 0 1 1 0 0 1 0/0 11:42 0:00 0:00
Michael McLeod 1 0 1 0 0 5 3 0 1 0 3/7 17:13 1:00 1:49
Sean Day 0 0 0 -1 0 1 2 0 0 1 0/0 20:54 1:07 1:31
Tobias Bjornfot 0 0 0 -3 0 0 0 0 0 0 0/0 25:47 0:52 3:22
Travis Boyd 0 1 1 -1 2 2 5 1 0 0 0/0 18:51 0:54 1:04
Zach Sanford 0 1 1 0 5 1 5 0 2 1 0/1 14:46 0:05 0:06
3 Stars
1 - Joel Kiviranta (KEL)
2 - Matias Maccelli (KEL)
3 - Jesse Ylonen (KEL)
Power Play
Kelowna Rockets - 0 on 3 Attempt(s) - 0.00%
Santa Cruz Tiger Sharks - 0 on 1 Attempt(s) - 0.00%
Penalty Kill
Kelowna Rockets - 1 on 1 Attempt(s) - 100.00%
- Score 0 goal in Penalty Kill
Santa Cruz Tiger Sharks - 3 on 3 Attempt(s) - 100.00%
- Score 0 goal in Penalty Kill
Team Stat
Kelowna Rockets - Hits : 20 - Faceoff Wins : 21 - Blocked Shots : 14 - Penalty Minutes : 7
Santa Cruz Tiger Sharks - Hits : 34 - Faceoff Wins : 25 - Blocked Shots : 4 - Penalty Minutes : 11
Official
Referees : Kyle Rehman and Chris Lee
Linesman : Tim Nowak and David Brisebois
Game Notes
Jacob Perreault beats up Zach Sanford at 8:31 of 2nd period
Kelowna Rockets
5 vs 5 Forward
Center Left Wing Right Wing Time % Phy DF OF
1 Ty Dellandrea Jasper Weatherby Jesse Ylonen 40 1 2 2
2 Oskar Steen Matias Maccelli Joel Kiviranta 30 1 2 2
3 Jack Drury Givani Smith Jacob Perreault 20 1 2 2
4 Ty Dellandrea Arnaud Durandeau Lauri Pajuniemi 10 1 2 2
5 vs 5 Defense
Defense Defense Time % Phy DF OF
1 Cale Fleury Max Lajoie 40 1 2 2
2 Lucas Johansen Maxence Guenette 30 1 2 2
3 Alex Peters Cale Fleury 20 1 2 2
4 Max Lajoie Lucas Johansen 10 1 2 2
PowerPlay Forward
Center Left Wing Right Wing Time % Phy DF OF
1 Ty Dellandrea Jasper Weatherby Jesse Ylonen 60 1 2 2
2 Oskar Steen Matias Maccelli Joel Kiviranta 40 1 2 2
PowerPlay Defense
Defense Defense Time % Phy DF OF
1 Cale Fleury Max Lajoie 60 1 2 2
2 Lucas Johansen Maxence Guenette 40 1 2 2
Penalty Kill 4 Players Forward
Center Wing Time % Phy DF OF
1 Ty Dellandrea Jasper Weatherby 60 1 2 2
2 Jesse Ylonen Matias Maccelli 40 1 2 2
Penalty Kill 4 Players Defense
Defense Defense Time % Phy DF OF
1 Cale Fleury Max Lajoie 60 1 2 2
2 Lucas Johansen Maxence Guenette 40 1 2 2
Penalty Kill - 3 Players Forward
Forward Time % Phy DF OF
1 Ty Dellandrea 60 1 2 2
2 Jasper Weatherby 40 1 2 2
Penalty Kill - 3 Players Defense
Defense Defense Time % Phy DF OF
1 Cale Fleury Max Lajoie 60 1 2 2
2 Lucas Johansen Maxence Guenette 40 1 2 2
4 vs 4 Forward
Center Wing Time % Phy DF OF
1 Ty Dellandrea Jasper Weatherby 60 1 2 2
2 Jesse Ylonen Matias Maccelli 40 1 2 2
4 vs 4 Defense
Defense Defense Time % Phy DF OF
1 Cale Fleury Max Lajoie 60 1 2 2
2 Lucas Johansen Maxence Guenette 40 1 2 2
Last Minutes Offensive
Center Left Wing Right Wing Defense Defense
Ty Dellandrea Jasper Weatherby Jesse Ylonen Cale Fleury Max Lajoie
Last Minutes Defensive
Center Left Wing Right Wing Defense Defense
Ty Dellandrea Jasper Weatherby Jesse Ylonen Cale Fleury Max Lajoie
Goaltenders
Starting : Eetu Makiniemi
Backup : Adam Scheel
Extra Forwards
Normal : Roby Jarventie, Nicholas Caamano, Jack Drury - PP : Roby Jarventie, Nicholas Caamano - PK : Jack Drury
Extra Defensemen
Normal : Alex Peters, Maxence Guenette, Cale Fleury - PP : Alex Peters - PK : Maxence Guenette, Cale Fleury
Penalty Shots
Ty Dellandrea, Jasper Weatherby, Jesse Ylonen, Matias Maccelli, Oskar Steen
Santa Cruz Tiger Sharks
5 vs 5 Forward
Center Left Wing Right Wing Time % Phy DF OF
1 Jack Roslovic Travis Boyd Kailer Yamamoto 40 1 2 2
2 Michael McLeod Zach Sanford Jesper Boqvist 30 1 2 2
3 Kevin Rooney Kieffer Bellows Alexander Volkov 20 1 2 2
4 David Gustafsson Evgeny Svechnikov Carter Rowney 10 1 2 2
5 vs 5 Defense
Defense Defense Time % Phy DF OF
1 Tobias Bjornfot Austin Strand 40 1 2 2
2 Calle Rosen Sean Day 30 1 2 2
3 Kristians Rubins Hunter Drew 20 1 2 2
4 Tobias Bjornfot Austin Strand 10 1 2 2
PowerPlay Forward
Center Left Wing Right Wing Time % Phy DF OF
1 Jack Roslovic Travis Boyd Kailer Yamamoto 60 1 2 2
2 Michael McLeod Zach Sanford Jesper Boqvist 40 1 2 2
PowerPlay Defense
Defense Defense Time % Phy DF OF
1 Tobias Bjornfot Austin Strand 60 1 2 2
2 Calle Rosen Sean Day 40 1 2 2
Penalty Kill 4 Players Forward
Center Wing Time % Phy DF OF
1 Jack Roslovic Kailer Yamamoto 60 1 2 2
2 Michael McLeod Travis Boyd 40 1 2 2
Penalty Kill 4 Players Defense
Defense Defense Time % Phy DF OF
1 Tobias Bjornfot Austin Strand 60 1 2 2
2 Calle Rosen Sean Day 40 1 2 2
Penalty Kill - 3 Players Forward
Forward Time % Phy DF OF
1 Jack Roslovic 60 1 2 2
2 Kailer Yamamoto 40 1 2 2
Penalty Kill - 3 Players Defense
Defense Defense Time % Phy DF OF
1 Tobias Bjornfot Austin Strand 60 1 2 2
2 Calle Rosen Sean Day 40 1 2 2
4 vs 4 Forward
Center Wing Time % Phy DF OF
1 Jack Roslovic Kailer Yamamoto 60 1 2 2
2 Michael McLeod Travis Boyd 40 1 2 2
4 vs 4 Defense
Defense Defense Time % Phy DF OF
1 Tobias Bjornfot Austin Strand 60 1 2 2
2 Calle Rosen Sean Day 40 1 2 2
Last Minutes Offensive
Center Left Wing Right Wing Defense Defense
Jack Roslovic Travis Boyd Kailer Yamamoto Tobias Bjornfot Austin Strand
Last Minutes Defensive
Center Left Wing Right Wing Defense Defense
Jack Roslovic Travis Boyd Kailer Yamamoto Tobias Bjornfot Austin Strand
Goaltenders
Starting : Carter Hart
Backup : Mikhail Berdin
Extra Forwards
Normal : David Gustafsson, Kevin Rooney, Alexander Volkov - PP : David Gustafsson, Kevin Rooney - PK : Alexander Volkov
Extra Defensemen
Normal : Kristians Rubins, Hunter Drew, Calle Rosen - PP : Kristians Rubins - PK : Hunter Drew, Calle Rosen
Penalty Shots
Jack Roslovic, Kailer Yamamoto, Michael McLeod, Travis Boyd, Zach Sanford
% Time on Ice - Kelowna Rockets
Lines # - Real PCT - Wanted PCT - Time Play
Normal Forward
1 - 32% - 40% - 16:32
2 - 33% - 30% - 17:03
3 - 23% - 20% - 12:14
4 - 12% - 10% - 6:15
Normal Defense
1 - 40% - 40% - 20:42
2 - 30% - 30% - 15:42
3 - 24% - 20% - 12:20
4 - 6% - 10% - 3:20
PP Forward
1 - 52% - 60% - 3:05
2 - 48% - 40% - 2:52
PP Defense
1 - 54% - 60% - 3:11
2 - 46% - 40% - 2:46
PK Forward
1 - 82% - 60% - 1:38
2 - 18% - 40% - 0:21
PK Defense
1 - 48% - 60% - 0:57
2 - 52% - 40% - 1:02
PK3 Forward
1 - 0% - 60%
2 - 0% - 40%
PK3 Defense
1 - 0% - 60%
2 - 0% - 40%
44 Forward
1 - 0% - 60%
2 - 0% - 40%
44 Defense
1 - 0% - 60%
2 - 0% - 40%
Last Minute Offensive - 0:00
Last Minute Defensive - 0:00
Total
Forward - 60:00
Defense - 60:00
|
% Time on Ice - Santa Cruz Tiger Sharks
Lines # - Real PCT - Wanted PCT - Time Play
Normal Forward
1 - 34% - 40% - 17:28
2 - 26% - 30% - 13:36
3 - 24% - 20% - 12:23
4 - 17% - 10% - 8:37
Normal Defense
1 - 40% - 40% - 20:39
2 - 33% - 30% - 17:00
3 - 22% - 20% - 11:36
4 - 5% - 10% - 2:49
PP Forward
1 - 45% - 60% - 0:54
2 - 55% - 40% - 1:05
PP Defense
1 - 44% - 60% - 0:52
2 - 56% - 40% - 1:07
PK Forward
1 - 70% - 60% - 4:11
2 - 30% - 40% - 1:46
PK Defense
1 - 57% - 60% - 3:22
2 - 43% - 40% - 2:35
PK3 Forward
1 - 0% - 60%
2 - 0% - 40%
PK3 Defense
1 - 0% - 60%
2 - 0% - 40%
44 Forward
1 - 0% - 60%
2 - 0% - 40%
44 Defense
1 - 0% - 60%
2 - 0% - 40%
Last Minute Offensive - 0:00
Last Minute Defensive - 0:00
Total
Forward - 60:00
Defense - 60:00
|
Play-by-Play
1st period
0:01 of 1st period - Ty Dellandrea wins face-off versus Jack Roslovic in neutral zone.
2:04 of 1st period - Slapshot by Arnaud Durandeau.
2:04 of 1st period - Shot Misses the Net.
2:28 of 1st period - Snap shot by Jesper Boqvist.
2:28 of 1st period - Stopped by Eetu Makiniemi with a rebound.
2:30 of 1st period - Snap shot by Jesper Boqvist.
2:30 of 1st period - Shot Blocked by Jack Drury.
2:32 of 1st period - Backhand shot by Zach Sanford.
2:32 of 1st period - Deflect By Jesper Boqvist.
2:32 of 1st period - Stopped by Eetu Makiniemi with a rebound.
2:34 of 1st period - Slapshot by Tobias Bjornfot.
2:34 of 1st period - Shot Misses the Net.
3:06 of 1st period - Wrist shot by Oskar Steen.
3:06 of 1st period - Shot Misses the Net.
3:08 of 1st period - Snap shot by Oskar Steen.
3:08 of 1st period - Stopped by Carter Hart with a rebound.
3:10 of 1st period - Wrist shot by Joel Kiviranta.
3:10 of 1st period - Shot Misses the Net.
3:30 of 1st period - Backhand shot by Oskar Steen.
3:30 of 1st period - Stopped by Carter Hart with a rebound.
3:40 of 1st period - Wrist shot by Kieffer Bellows.
3:40 of 1st period - Shot Misses the Net.
3:54 of 1st period - Wrist shot by Alexander Volkov.
3:54 of 1st period - Stopped by Eetu Makiniemi with a rebound.
4:42 of 1st period - Oskar Steen is hit by Alexander Volkov and loses puck.
4:59 of 1st period - Snap shot by Kieffer Bellows.
4:59 of 1st period - Shot Blocked by Matias Maccelli.
5:26 of 1st period - Alexander Volkov is hit by Matias Maccelli and loses puck.
5:54 of 1st period - Slapshot by Kieffer Bellows.
5:54 of 1st period - Shot Misses the Net.
6:06 of 1st period - Snap shot by Alexander Volkov.
6:06 of 1st period - Stopped by Eetu Makiniemi with a rebound.
6:52 of 1st period - Snap shot by Kieffer Bellows.
6:52 of 1st period - Shot Misses the Net.
7:06 of 1st period - Backhand shot by Joel Kiviranta.
7:06 of 1st period - Stopped by Carter Hart without a rebound.
7:07 of 1st period - Jack Roslovic wins face-off versus Jesse Ylonen in Santa Cruz Tiger Sharks zone.
7:32 of 1st period - Austin Strand is hit by Max Lajoie and loses puck.
7:57 of 1st period - Slapshot by Carter Rowney.
7:57 of 1st period - Shot Blocked by Arnaud Durandeau.
8:42 of 1st period - Nicholas Caamano is hit by Michael McLeod and loses puck.
9:01 of 1st period - Travis Boyd is hit by Givani Smith and loses puck.
9:17 of 1st period - Jasper Weatherby is hit by David Gustafsson.
9:18 of 1st period - Icing by Jasper Weatherby.
9:19 of 1st period - Ty Dellandrea wins face-off versus Michael McLeod in Kelowna Rockets zone.
9:30 of 1st period - Cale Fleury is hit by Travis Boyd and loses puck.
9:51 of 1st period - Jasper Weatherby is hit by Zach Sanford and loses puck.
10:31 of 1st period - Givani Smith is hit by Austin Strand and loses puck.
10:36 of 1st period - Wrist shot by Jack Roslovic.
10:36 of 1st period - Stopped by Eetu Makiniemi without a rebound.
10:37 of 1st period - Ty Dellandrea wins face-off versus Jack Roslovic in Kelowna Rockets zone.
10:37 of 1st period - Ty Dellandrea is hit by Kailer Yamamoto.
10:56 of 1st period - Jesse Ylonen is hit by Zach Sanford and loses puck.
11:15 of 1st period - Wrist shot by David Gustafsson.
11:15 of 1st period - Stopped by Eetu Makiniemi with a rebound.
11:17 of 1st period - Slapshot by Kristians Rubins.
11:17 of 1st period - Shot Blocked by Max Lajoie.
11:19 of 1st period - Slapshot by Tobias Bjornfot.
11:19 of 1st period - Shot Blocked by Cale Fleury.
11:29 of 1st period - Wrist shot by Ty Dellandrea.
11:29 of 1st period - Deflect By Jasper Weatherby.
11:29 of 1st period - Stopped by Carter Hart with a rebound.
11:35 of 1st period - Ty Dellandrea is hit by Travis Boyd and loses puck.
12:06 of 1st period - Max Lajoie is hit by Kailer Yamamoto and loses puck.
12:30 of 1st period - Jesper Boqvist is hit by Arnaud Durandeau and loses puck.
12:57 of 1st period - Lucas Johansen is hit by Jesper Boqvist.
14:36 of 1st period - Ty Dellandrea is hit by Evgeny Svechnikov and loses puck.
19:38 of 1st period - Carter Rowney is hit by Nicholas Caamano and loses puck.
19:53 of 1st period - Roby Jarventie is hit by Kristians Rubins and loses puck.
Goals for this period are 0 for Kelowna Rockets vs 0 for Santa Cruz Tiger Sharks.
Shots for this period are 4 for Kelowna Rockets vs 6 for Santa Cruz Tiger Sharks.
2nd period
0:01 of 2nd period - Jack Roslovic wins face-off versus Ty Dellandrea in neutral zone.
0:10 of 2nd period - Slapshot by Max Lajoie.
0:10 of 2nd period - Shot Hit the Post.
0:51 of 2nd period - Snap shot by David Gustafsson.
0:51 of 2nd period - Stopped by Eetu Makiniemi without a rebound.
0:52 of 2nd period - Evgeny Svechnikov wins face-off versus Oskar Steen in Kelowna Rockets zone.
0:55 of 2nd period - Snap shot by Carter Rowney.
0:55 of 2nd period - Stopped by Eetu Makiniemi with a rebound.
0:57 of 2nd period - Snap shot by David Gustafsson.
0:57 of 2nd period - Shot Misses the Net.
1:19 of 2nd period - Cale Fleury is hit by Sean Day.
2:01 of 2nd period - Slapshot by Lucas Johansen.
2:01 of 2nd period - Stopped by Carter Hart with a rebound.
2:03 of 2nd period - Snap shot by Joel Kiviranta.
2:03 of 2nd period - Deflect By Oskar Steen.
2:03 of 2nd period - Shot Misses the Net.
2:03 of 2nd period - Puck is out of play.
2:04 of 2nd period - Kevin Rooney wins face-off versus Jesse Ylonen in Santa Cruz Tiger Sharks zone.
2:23 of 2nd period - Alexander Volkov is hit by Ty Dellandrea and loses puck.
2:30 of 2nd period - Max Lajoie is hit by Kieffer Bellows and loses puck.
2:37 of 2nd period - Slapshot by Alexander Volkov.
2:37 of 2nd period - Stopped by Eetu Makiniemi without a rebound.
2:38 of 2nd period - Jack Roslovic wins face-off versus Jack Drury in Kelowna Rockets zone.
2:41 of 2nd period - Snap shot by Jack Roslovic.
2:41 of 2nd period - Shot Blocked by Maxence Guenette.
3:03 of 2nd period - Wrist shot by Michael McLeod.
3:03 of 2nd period - Stopped by Eetu Makiniemi with a rebound.
3:05 of 2nd period - Snap shot by Sean Day.
3:05 of 2nd period - Stopped by Eetu Makiniemi with a rebound.
3:07 of 2nd period - Slapshot by Calle Rosen.
3:07 of 2nd period - Stopped by Eetu Makiniemi without a rebound.
3:08 of 2nd period - Jack Drury wins face-off versus Michael McLeod in Kelowna Rockets zone.
3:35 of 2nd period - Cale Fleury is hit by Kailer Yamamoto and loses puck.
3:44 of 2nd period - Wrist shot by Joel Kiviranta.
3:44 of 2nd period - Deflect By Matias Maccelli.
3:44 of 2nd period - Goal by Matias Maccelli - Kelowna Rockets : 1 - Santa Cruz Tiger Sharks : 0.
3:45 of 2nd period - Ty Dellandrea wins face-off versus Jack Roslovic in neutral zone.
3:52 of 2nd period - Slapshot by Jack Roslovic.
3:52 of 2nd period - Stopped by Eetu Makiniemi without a rebound.
3:53 of 2nd period - Ty Dellandrea wins face-off versus Kailer Yamamoto in Kelowna Rockets zone.
4:26 of 2nd period - Snap shot by Jacob Perreault.
4:26 of 2nd period - Shot Blocked by Austin Strand.
4:28 of 2nd period - Snap shot by Givani Smith.
4:28 of 2nd period - Goal by Givani Smith - Kelowna Rockets : 2 - Santa Cruz Tiger Sharks : 0.
4:29 of 2nd period - Jack Roslovic wins face-off versus Ty Dellandrea in neutral zone.
4:32 of 2nd period - Wrist shot by Jack Roslovic.
4:32 of 2nd period - Stopped by Eetu Makiniemi without a rebound.
4:33 of 2nd period - Jack Roslovic wins face-off versus Ty Dellandrea in Kelowna Rockets zone.
4:36 of 2nd period - Snap shot by Travis Boyd.
4:36 of 2nd period - Stopped by Eetu Makiniemi without a rebound.
4:37 of 2nd period - Ty Dellandrea wins face-off versus Jack Roslovic in Kelowna Rockets zone.
5:43 of 2nd period - Wrist shot by Ty Dellandrea.
5:43 of 2nd period - Shot Blocked by Calle Rosen.
6:03 of 2nd period - Snap shot by Kailer Yamamoto.
6:03 of 2nd period - Shot Misses the Net.
6:07 of 2nd period - Wrist shot by Jack Roslovic.
6:07 of 2nd period - Shot Misses the Net.
6:08 of 2nd period - Minor Penalty to Hunter Drew for High sticking.
6:09 of 2nd period - Jack Roslovic wins face-off versus Jesse Ylonen in Santa Cruz Tiger Sharks zone.
6:22 of 2nd period - Wrist shot by Jesse Ylonen.
6:22 of 2nd period - Stopped by Carter Hart without a rebound.
6:23 of 2nd period - Ty Dellandrea wins face-off versus Jack Roslovic in Santa Cruz Tiger Sharks zone.
7:55 of 2nd period - Icing by Jesse Ylonen.
7:56 of 2nd period - Ty Dellandrea wins face-off versus Jack Roslovic in Kelowna Rockets zone.
8:07 of 2nd period - Cale Fleury is hit by Michael McLeod and loses puck.
8:08 of 2nd period - Penalty to Hunter Drew is over, Hunter Drew is back on ice.
8:16 of 2nd period - Wrist shot by Travis Boyd.
8:16 of 2nd period - Stopped by Eetu Makiniemi without a rebound.
8:17 of 2nd period - Jack Drury wins face-off versus Michael McLeod in Kelowna Rockets zone.
8:24 of 2nd period - Snap shot by Zach Sanford.
8:24 of 2nd period - Shot Misses the Net.
8:31 of 2nd period - Jacob Perreault beats up Zach Sanford.
8:31 of 2nd period - Penalty to Zach Sanford for Fighting.
8:31 of 2nd period - Penalty to Jacob Perreault for Fighting.
8:32 of 2nd period - Ty Dellandrea wins face-off versus Jack Roslovic in neutral zone.
8:37 of 2nd period - Wrist shot by Jasper Weatherby.
8:37 of 2nd period - Shot Misses the Net.
8:39 of 2nd period - Slapshot by Jasper Weatherby.
8:39 of 2nd period - Goal by Jasper Weatherby - Kelowna Rockets : 3 - Santa Cruz Tiger Sharks : 0.
8:40 of 2nd period - Ty Dellandrea wins face-off versus Jack Roslovic in neutral zone.
8:46 of 2nd period - Minor Penalty to Travis Boyd for Interference.
8:47 of 2nd period - Ty Dellandrea wins face-off versus Jack Roslovic in Santa Cruz Tiger Sharks zone.
8:57 of 2nd period - Slapshot by Max Lajoie.
8:57 of 2nd period - Stopped by Carter Hart with a rebound.
9:19 of 2nd period - Snap shot by Matias Maccelli.
9:19 of 2nd period - Stopped by Carter Hart with a rebound.
9:36 of 2nd period - Icing by Jasper Weatherby.
9:37 of 2nd period - Michael McLeod wins face-off versus Ty Dellandrea in Kelowna Rockets zone.
10:46 of 2nd period - Penalty to Travis Boyd is over, Travis Boyd is back on ice.
11:02 of 2nd period - Roby Jarventie is hit by Alexander Volkov.
11:16 of 2nd period - Snap shot by Lauri Pajuniemi.
11:16 of 2nd period - Shot Misses the Net.
11:34 of 2nd period - Wrist shot by Michael McLeod.
11:34 of 2nd period - Stopped by Eetu Makiniemi with a rebound.
11:36 of 2nd period - Minor Penalty to Oskar Steen for Tripping.
11:37 of 2nd period - Ty Dellandrea wins face-off versus Michael McLeod in Kelowna Rockets zone.
12:33 of 2nd period - Ty Dellandrea is hit by Travis Boyd and loses puck.
12:44 of 2nd period - Michael McLeod is hit by Jesse Ylonen and loses puck.
13:31 of 2nd period - Penalty to Jacob Perreault is over, Jacob Perreault is back on ice.
13:42 of 2nd period - Lucas Johansen is hit by Zach Sanford.
13:52 of 2nd period - Hunter Drew is hit by Jack Drury and loses puck.
14:35 of 2nd period - Alex Peters is hit by Carter Rowney.
15:21 of 2nd period - Cale Fleury is hit by Zach Sanford and loses puck.
15:34 of 2nd period - Roby Jarventie is hit by Alexander Volkov and loses puck.
15:41 of 2nd period - Kevin Rooney is hit by Arnaud Durandeau and loses puck.
16:01 of 2nd period - Kailer Yamamoto is hit by Nicholas Caamano and loses puck.
16:12 of 2nd period - Jesper Boqvist is hit by Givani Smith and loses puck.
16:48 of 2nd period - Icing by David Gustafsson.
16:49 of 2nd period - David Gustafsson wins face-off versus Jack Drury in Santa Cruz Tiger Sharks zone.
17:09 of 2nd period - Kristians Rubins is hit by Matias Maccelli and loses puck.
17:42 of 2nd period - Snap shot by Evgeny Svechnikov.
17:42 of 2nd period - Stopped by Eetu Makiniemi with a rebound.
17:54 of 2nd period - Max Lajoie is hit by Travis Boyd and loses puck.
18:17 of 2nd period - Icing by Kieffer Bellows.
18:18 of 2nd period - Ty Dellandrea wins face-off versus Kevin Rooney in Santa Cruz Tiger Sharks zone.
18:25 of 2nd period - Snap shot by Ty Dellandrea.
18:25 of 2nd period - Stopped by Carter Hart with a rebound.
19:10 of 2nd period - Kailer Yamamoto is hit by Joel Kiviranta and loses puck.
19:21 of 2nd period - Snap shot by Joel Kiviranta.
19:21 of 2nd period - Stopped by Carter Hart with a rebound.
19:23 of 2nd period - Slapshot by Max Lajoie.
19:23 of 2nd period - Deflect By Matias Maccelli.
19:23 of 2nd period - Shot Misses the Net.
19:23 of 2nd period - Puck is out of play.
19:24 of 2nd period - Ty Dellandrea wins face-off versus Zach Sanford in Santa Cruz Tiger Sharks zone.
Goals for this period are 3 for Kelowna Rockets vs 0 for Santa Cruz Tiger Sharks.
Shots for this period are 9 for Kelowna Rockets vs 12 for Santa Cruz Tiger Sharks.
3rd period
0:01 of 3rd period - Jack Roslovic wins face-off versus Ty Dellandrea in neutral zone.
0:31 of 3rd period - Slapshot by Maxence Guenette.
0:31 of 3rd period - Stopped by Carter Hart without a rebound.
0:32 of 3rd period - Oskar Steen wins face-off versus Kevin Rooney in Santa Cruz Tiger Sharks zone.
0:35 of 3rd period - Snap shot by Joel Kiviranta.
0:35 of 3rd period - Stopped by Carter Hart without a rebound.
0:35 of 3rd period - Minor Penalty to Carter Hart for Slashing.
0:36 of 3rd period - Ty Dellandrea wins face-off versus Jack Roslovic in Santa Cruz Tiger Sharks zone.
0:41 of 3rd period - Wrist shot by Ty Dellandrea.
0:41 of 3rd period - Shot Misses the Net.
1:01 of 3rd period - Kailer Yamamoto is hit by Matias Maccelli and loses puck.
1:06 of 3rd period - Snap shot by Matias Maccelli.
1:06 of 3rd period - Stopped by Carter Hart without a rebound.
1:07 of 3rd period - Oskar Steen wins face-off versus Jack Roslovic in Santa Cruz Tiger Sharks zone.
1:30 of 3rd period - Slapshot by Joel Kiviranta.
1:30 of 3rd period - Shot Blocked by Travis Boyd.
1:46 of 3rd period - Wrist shot by Oskar Steen.
1:46 of 3rd period - Deflect By Matias Maccelli.
1:46 of 3rd period - Shot Misses the Net.
1:46 of 3rd period - Puck is out of play.
1:47 of 3rd period - Jack Roslovic wins face-off versus Ty Dellandrea in Santa Cruz Tiger Sharks zone.
2:35 of 3rd period - Penalty to Sean Day is over, Sean Day is back on ice.
3:41 of 3rd period - Wrist shot by Kailer Yamamoto.
3:41 of 3rd period - Shot Hit the Post.
3:59 of 3rd period - Matias Maccelli is hit by Zach Sanford and loses puck.
4:45 of 3rd period - Jack Drury is hit by Alexander Volkov and loses puck.
4:56 of 3rd period - Kailer Yamamoto is hit by Jesse Ylonen and loses puck.
5:05 of 3rd period - Jasper Weatherby is hit by Jack Roslovic and loses puck.
5:26 of 3rd period - Travis Boyd is hit by Max Lajoie and loses puck.
5:54 of 3rd period - Alex Peters is hit by Michael McLeod.
6:07 of 3rd period - Snap shot by Michael McLeod.
6:07 of 3rd period - Goal by Michael McLeod - Kelowna Rockets : 3 - Santa Cruz Tiger Sharks : 1.
6:08 of 3rd period - Jack Roslovic wins face-off versus Ty Dellandrea in neutral zone.
6:11 of 3rd period - Slapshot by Calle Rosen.
6:11 of 3rd period - Stopped by Eetu Makiniemi without a rebound.
6:12 of 3rd period - Jack Roslovic wins face-off versus Ty Dellandrea in Kelowna Rockets zone.
7:09 of 3rd period - Snap shot by Zach Sanford.
7:09 of 3rd period - Deflect By Jesper Boqvist.
7:09 of 3rd period - Stopped by Eetu Makiniemi with a rebound.
7:11 of 3rd period - Slapshot by Sean Day.
7:11 of 3rd period - Shot Blocked by Max Lajoie.
7:13 of 3rd period - Snap shot by Zach Sanford.
7:13 of 3rd period - Shot Blocked by Matias Maccelli.
7:15 of 3rd period - Wrist shot by Michael McLeod.
7:15 of 3rd period - Stopped by Eetu Makiniemi without a rebound.
7:16 of 3rd period - Kevin Rooney wins face-off versus Ty Dellandrea in Kelowna Rockets zone.
8:05 of 3rd period - Wrist shot by Evgeny Svechnikov.
8:05 of 3rd period - Shot Misses the Net.
8:07 of 3rd period - Slapshot by Kristians Rubins.
8:07 of 3rd period - Stopped by Eetu Makiniemi with a rebound.
8:09 of 3rd period - Slapshot by David Gustafsson.
8:09 of 3rd period - Stopped by Eetu Makiniemi without a rebound.
8:10 of 3rd period - Jack Roslovic wins face-off versus Ty Dellandrea in Kelowna Rockets zone.
8:13 of 3rd period - Slapshot by Jack Roslovic.
8:13 of 3rd period - Goal by Jack Roslovic - Kelowna Rockets : 3 - Santa Cruz Tiger Sharks : 2.
8:14 of 3rd period - Ty Dellandrea wins face-off versus Jack Roslovic in neutral zone.
8:29 of 3rd period - Snap shot by Ty Dellandrea.
8:29 of 3rd period - Shot Misses the Net.
8:53 of 3rd period - Max Lajoie is hit by Austin Strand and loses puck.
9:08 of 3rd period - Wrist shot by Jacob Perreault.
9:08 of 3rd period - Stopped by Carter Hart with a rebound.
9:30 of 3rd period - Snap shot by Jasper Weatherby.
9:30 of 3rd period - Stopped by Carter Hart with a rebound.
9:32 of 3rd period - Wrist shot by Ty Dellandrea.
9:32 of 3rd period - Stopped by Carter Hart without a rebound.
9:33 of 3rd period - Jack Roslovic wins face-off versus Ty Dellandrea in Santa Cruz Tiger Sharks zone.
9:42 of 3rd period - Kailer Yamamoto is hit by Jesse Ylonen and loses puck.
10:43 of 3rd period - Snap shot by David Gustafsson.
10:43 of 3rd period - Shot Blocked by Jack Drury.
10:45 of 3rd period - Wrist shot by Carter Rowney.
10:45 of 3rd period - Stopped by Eetu Makiniemi with a rebound.
10:47 of 3rd period - Wrist shot by David Gustafsson.
10:47 of 3rd period - Shot Blocked by Lucas Johansen.
11:11 of 3rd period - Snap shot by Oskar Steen.
11:11 of 3rd period - Shot Misses the Net.
11:13 of 3rd period - Slapshot by Alex Peters.
11:13 of 3rd period - Deflect By Joel Kiviranta.
11:13 of 3rd period - Stopped by Carter Hart with a rebound.
11:36 of 3rd period - Slapshot by Matias Maccelli.
11:36 of 3rd period - Deflect By Oskar Steen.
11:36 of 3rd period - Stopped by Carter Hart without a rebound.
11:37 of 3rd period - Kevin Rooney wins face-off versus Ty Dellandrea in Santa Cruz Tiger Sharks zone.
11:44 of 3rd period - Wrist shot by Jesse Ylonen.
11:44 of 3rd period - Goal by Jesse Ylonen - Kelowna Rockets : 4 - Santa Cruz Tiger Sharks : 2.
11:45 of 3rd period - Jack Roslovic wins face-off versus Ty Dellandrea in neutral zone.
11:48 of 3rd period - Ty Dellandrea is hit by Travis Boyd and loses puck.
11:59 of 3rd period - Wrist shot by Jack Roslovic.
11:59 of 3rd period - Shot Blocked by Ty Dellandrea.
12:01 of 3rd period - Slapshot by Kailer Yamamoto.
12:01 of 3rd period - Deflect By Jack Roslovic.
12:01 of 3rd period - Stopped by Eetu Makiniemi with a rebound.
12:08 of 3rd period - Icing by Max Lajoie.
12:09 of 3rd period - Michael McLeod wins face-off versus Ty Dellandrea in Kelowna Rockets zone.
12:20 of 3rd period - Backhand shot by Michael McLeod.
12:20 of 3rd period - Stopped by Eetu Makiniemi with a rebound.
12:22 of 3rd period - Snap shot by Zach Sanford.
12:22 of 3rd period - Stopped by Eetu Makiniemi with a rebound.
12:56 of 3rd period - Cale Fleury is hit by Alexander Volkov and loses puck.
13:03 of 3rd period - Wrist shot by Alexander Volkov.
13:03 of 3rd period - Deflect By Kieffer Bellows.
13:03 of 3rd period - Shot Blocked by Max Lajoie.
13:03 of 3rd period - Puck is out of play.
13:04 of 3rd period - Jack Roslovic wins face-off versus Jack Drury in Kelowna Rockets zone.
13:17 of 3rd period - Slapshot by Lucas Johansen.
13:17 of 3rd period - Shot Misses the Net.
13:19 of 3rd period - Wrist shot by Jack Drury.
13:19 of 3rd period - Deflect By Travis Boyd.
13:19 of 3rd period - Stopped by Carter Hart with a rebound.
13:29 of 3rd period - Jack Roslovic is hit by Oskar Steen and loses puck.
13:36 of 3rd period - Snap shot by Matias Maccelli.
13:36 of 3rd period - Shot Misses the Net.
13:38 of 3rd period - Snap shot by Cale Fleury.
13:38 of 3rd period - Shot Blocked by Hunter Drew.
13:40 of 3rd period - Slapshot by Lucas Johansen.
13:40 of 3rd period - Shot Misses the Net.
13:42 of 3rd period - Wrist shot by Joel Kiviranta.
13:42 of 3rd period - Shot Misses the Net.
14:26 of 3rd period - Austin Strand is hit by Givani Smith and loses puck.
14:43 of 3rd period - Max Lajoie is hit by Evgeny Svechnikov and loses puck.
14:58 of 3rd period - Joel Kiviranta is hit by Sean Day and loses puck.
15:19 of 3rd period - Wrist shot by Oskar Steen.
15:19 of 3rd period - Deflect By Matias Maccelli.
15:19 of 3rd period - Stopped by Carter Hart without a rebound.
15:20 of 3rd period - Jack Roslovic wins face-off versus Jesse Ylonen in Santa Cruz Tiger Sharks zone.
16:43 of 3rd period - Off-side.
16:44 of 3rd period - Ty Dellandrea wins face-off versus Jack Roslovic in neutral zone.
16:51 of 3rd period - Wrist shot by Jasper Weatherby.
16:51 of 3rd period - Stopped by Carter Hart with a rebound.
16:53 of 3rd period - Slapshot by Maxence Guenette.
16:53 of 3rd period - Deflect By Tobias Bjornfot.
16:53 of 3rd period - Stopped by Carter Hart without a rebound.
16:54 of 3rd period - Jack Roslovic wins face-off versus Jasper Weatherby in Santa Cruz Tiger Sharks zone.
16:59 of 3rd period - Slapshot by Jasper Weatherby.
16:59 of 3rd period - Stopped by Carter Hart with a rebound.
17:29 of 3rd period - Snap shot by Jesper Boqvist.
17:29 of 3rd period - Shot Blocked by Jacob Perreault.
17:47 of 3rd period - Wrist shot by Joel Kiviranta.
17:47 of 3rd period - Goal by Joel Kiviranta - Kelowna Rockets : 5 - Santa Cruz Tiger Sharks : 2.
17:48 of 3rd period - Jack Roslovic wins face-off versus Ty Dellandrea in neutral zone.
18:01 of 3rd period - Wrist shot by Jack Roslovic.
18:01 of 3rd period - Shot Misses the Net.
18:03 of 3rd period - Slapshot by Tobias Bjornfot.
18:03 of 3rd period - Deflect By Kailer Yamamoto.
18:03 of 3rd period - Shot Blocked by Jesse Ylonen.
18:03 of 3rd period - Puck is out of play.
18:04 of 3rd period - Michael McLeod wins face-off versus Oskar Steen in Kelowna Rockets zone.
18:13 of 3rd period - Slapshot by Jesper Boqvist.
18:13 of 3rd period - Shot Misses the Net.
18:41 of 3rd period - Tobias Bjornfot is hit by Ty Dellandrea.
19:03 of 3rd period - Cale Fleury is hit by Kieffer Bellows and loses puck.
Goals for this period are 2 for Kelowna Rockets vs 2 for Santa Cruz Tiger Sharks.
Shots for this period are 15 for Kelowna Rockets vs 11 for Santa Cruz Tiger Sharks.
Back to the Top